 Dungeon Crawl Stone Soup version 0.30-a0-1043-g60ff8d5f49 (webtiles) character file.

Game seed: 9963986201365463093

65 Newt the Trooper (level 3, 0/45 HPs)
             Began as a Demonspawn Gladiator on Apr 10, 2023.
             Frozen to death by an endoplasm (2 damage)
             ... on level 3 of the Dungeon.
             The game lasted 00:01:27 (1026 turns).

Newt the Trooper (Demonspawn Gladiator)             Turns: 1026, Time: 00:01:28

Health: 0/45       AC: 21    Str: 16    XL:     3   Next: 92%
Magic:  3/3        EV:  2    Int:  9    God:
Gold:   54         SH:  0    Dex: 14    Spells: 2/2 levels left

rFire   . . .      SeeInvis .    a - +0 rapier
rCold   . . .      Faith    .    (no shield)
rNeg    . . .      Spirit   .    b - melded +0 leather armour
rPois   +          Reflect  .    c - melded +0 helmet
rElec   .          Rampage  .    i - melded scarf {+Inv}
rCorr   .          NoTele   +    (gloves currently unavailable)
Will    .....                    (boots currently unavailable)
Stlth   +                        j - amulet of the acrobat
HPRegen 0.27/turn                (no ring)
MPRegen 0.08/turn                (no ring)

@: tree-form
A: stationary, stasis, torment immunity, boosted hp, demonic guardian 1, powered
by pain 1
a: no special abilities


You were on level 3 of the Dungeon.
You were a tree.
You visited 1 branch of the dungeon, and saw 3 of its levels.

You collected 54 gold pieces.

Inventory:

Hand Weapons
 a - a +0 rapier (weapon)
Missiles
 d - 3 throwing nets
 e - a javelin
 f - 3 boomerangs (quivered)
Armour
 b - a +0 leather armour (melded)
 c - a +0 helmet (melded)
 i - a scarf of invisibility (melded)
Jewellery
 j - an amulet of the acrobat (around neck)
Scrolls
 h - a scroll of vulnerability {unknown}
 k - a scroll of blinking
 l - a scroll of brand weapon
 m - a scroll of silence {unknown}
 n - a scroll of enchant armour {unknown}


   Skills:
 - Level 4.0 Fighting
 - Level 2.6 Short Blades
 + Level 2.2 Throwing
 - Level 2.6 Dodging


You had 2 spell levels left.
You didn't know any spells.
Your spell library contained the following spells:

 Spells                   Type           Power      Damage    Failure   Level
 Anguish                  Hex/Necr       0%         N/A       99%         4
 Enfeeble                 Hex            0%         N/A       100%        7


Dungeon Overview and Level Annotations

Branches:
Dungeon (3/15)

Altars:


Innate Abilities, Weirdness & Mutations

You are a tree.
Your roots penetrate the ground, keeping you stationary.
You cannot be teleported.
You are immune to unholy pain and torment.
Your maximum health is greatly increased.
Your equipment is partially melded.
A weak demonic guardian rushes to your aid.
You sometimes gain a little power by taking damage.


Message History

You are frozen.
You hit the adder but do no damage.
The adder is almost dead.
The adder bites you.
* * * LOW HITPOINT WARNING * * *
You are poisoned.
The adder poisons you! The adder bites you.
* * * LOW HITPOINT WARNING * * *
The endoplasm barely misses you.
You hit the adder.
You kill the adder!
* * * LOW HITPOINT WARNING * * *
You feel sick. The endoplasm closely misses you.
Unknown command.
Okay, then.
Really quaff the potion of lignification?
You turn into a tree.
Your scarf of invisibility melds into your body.
Your +0 helmet melds into your body.
Your +0 leather armour melds into your body.
Your roots penetrate the ground.
You feel sick.
The endoplasm hits you but does no damage.
Unknown command.
You barely miss the endoplasm.
You feel sick.
The endoplasm hits you but does no damage.
Unknown command.
You hit the endoplasm.
The endoplasm is almost dead.
You feel sick. The endoplasm freezes you.
You are frozen.
* * * LOW HITPOINT WARNING * * *
A demonic guardian appears!
You hit the endoplasm but do no damage.
The endoplasm is almost dead.
You feel sick.
You are no longer poisoned.
The endoplasm freezes you.
You are frozen.
You die...

. ... .
.....######....
.......♣J......
...............
........5......
#####..........
#..........
#..........
....#######
#+####


You could see an endoplasm (ally target) and a friendly white imp (summoned).

Vanquished Creatures
  An adder (D:3)
  A gnoll (D:1)
  3 dart slugs (D:1)
  3 ball pythons
  4 endoplasms
  3 goblins
  5 hobgoblins
  4 quokkas
  3 frilled lizards (D:1)
  5 kobolds (D:1)
  5 rats
37 creatures vanquished.

Vanquished Creatures (collateral kills)
  A rat (D:2)
1 creature vanquished.

Grand Total: 38 creatures vanquished

Notes
Turn   | Place    | Note
-------+----------+-------------------------------------------
     0 | D:1      | Newt the Demonspawn Gladiator began the quest for the Orb.
     0 | D:1      | Reached XP level 1. HP: 16/16 MP: 1/1
    86 | D:1      | Gained mutation: You sometimes gain a little power by
                  | taking damage. [demonic ancestry]
    86 | D:1      | Reached XP level 2. HP: 23/23 MP: 2/2
   227 | D:1      | Reached skill level 3 in Fighting
   460 | D:1      | Gained mutation: A weak demonic guardian rushes to your
                  | aid. [demonic ancestry]
   460 | D:1      | Reached XP level 3. HP: 26/29 MP: 3/3
   838 | D:2      | Reached skill level 4 in Fighting
  1025 | D:3      | HP: 2/45 [frozen (3)]
  1026 | D:3      | Frozen to death by an endoplasm

Illustrated notes

Levels and vault maps discovered:
D:1:      roderic_chinese_lattice_arrival, layout_rooms, minmay_vboxes
D:2:      layout_rooms, nrook_campfire, hangedman_decor_slide_cut,
          uniq_crazy_yiuf_cottage
D:3:      layout_basic, nicolae_ru_awakened_eye, tso_metal_star,
          basic_ecumenical_altar

Skill      XL: |  1  2  3 |
---------------+----------+-----
Fighting       | 3 4 |  4.0
Throwing       | 2 |  2.2
Short Blades   | |  2.6
Dodging        | |  2.6

Action                     || total
---------------------------++-------
  Melee: Rapier            ||   137
         Punch             ||     1
  Throw: Boomerang         ||     4
         Javelin           ||     1
         Throwing net      ||     1
    Use: Scroll            ||     3
         Potion            ||     1
   Stab: Held in net/web   ||     1
 Armour: Leather armour    ||    30
         Skin              ||     2
  Dodge: Dodged            ||    97

Table legend: (Time is in decaauts)
 A = Elapsed time spent in this place.
 B = Non-inter-level travel time spent in this place.
 C = Inter-level travel time spent in this place.
 D = Time resting spent in this place.
 E = Time spent auto-exploring this place.
 F = Levels seen in this place.
 G = Mean time per level.
                   A        B        C        D        E       F      G
               +--------+--------+--------+--------+--------+-----+--------+
         Total |   1037 |   1011 |     26 |    187 |    527 |   3 |  345.7 |
       Dungeon |   1037 |   1011 |     26 |    187 |    527 |   3 |  345.7 |
               +--------+--------+--------+--------+--------+-----+--------+

Top non-repeatable levels by time:
     D:1: 822 daAuts
     D:2: 208 daAuts
     D:3: 7 daAuts
